 Dungeon Crawl Stone Soup version 0.17-a0-2055-gb4e23be (webtiles) character file.

1059 SlimeFever the Insei (level 8, -9/61 HPs)
             Began as a Demonspawn Monk on Oct 11, 2015.
             Was a Priest of Ru.
             Mangled by a gnoll
             ... wielding a +0 flail
              (10 damage)
             ... on level 6 of the Dungeon.
             The game lasted 00:36:23 (5618 turns).

SlimeFever the Insei (Demonspawn Monk)              Turns: 5618, Time: 00:36:24

Health: -9/61      AC:  9    Str: 13    XL:     8   Next: 6%
Magic:  8/8        EV: 14    Int: 13    God:    Ru [***...]
Gold:   190        SH:  0    Dex: 15    Spells: 0 memorised, 7 levels left

rFire  . . .     SeeInvis .       - Unarmed
rCold  . . .     Clarity  .     a - +1 robe
rNeg   . . .     SustAt   .     (no shield)
rPois  .         Gourm    .     (helmet restricted)
rElec  .         Spirit   .     x - +0 cloak
rCorr  .         Warding  .     s - +1 pair of gloves
rMut   .         Stasis   .     (no boots)
MR     .....                    (no amulet)
Stlth  ++++......               i - ring of stealth
                                B - ring of stealth

@: lethally poisoned (-9 -> -19), not resistant to hostile enchantments,
stealthy
A: antennae 1, molten scales 2, rot immunity, inability to use devices
a: Draw Out Power, Renounce Religion


You were on level 6 of the Dungeon.
You worshipped Ru.
Ru was most pleased with you.
You were not hungry.

You visited 2 branches of the dungeon, and saw 7 of its levels.

You collected 190 gold pieces.

Inventory:

Hand Weapons
 y - the +5 dagger of the Last Stars {pierce, +Blink rF+ Int-3 Dex+3}
   (You found it on level 4 of the Dungeon)

   It inflicts extra damage upon your enemies.
   It affects your intelligence (-3).
   It affects your dexterity (+3).
   It protects you from fire.
   It lets you blink.
Missiles
 f - 33 arrows
 g - 2 throwing nets
 l - 60 sling bullets
 p - 16 poisoned bolts
 t - 3 tomahawks (quivered)
 w - 9 bolts of frost
Armour
 a - a +1 robe (worn)
 s - a +1 pair of gloves (worn)
 x - a +0 cloak (worn)
Jewellery
 i - a ring of stealth (right hand)
 k - an uncursed ring of poison resistance
 B - a ring of stealth (left hand)
Scrolls
 b - 3 scrolls of remove curse
 j - a scroll of identify
 n - a scroll of amnesia
 A - a scroll of teleportation
Potions
 c - 6 potions of curing
 d - 2 potions of haste
 e - a potion of magic
 h - 3 potions of flight
 m - a potion of invisibility
 o - 4 potions of might
 q - 2 potions of poison
 r - a potion of lignification
 u - a potion of brilliance {unknown}
 z - a potion of heal wounds {unknown}
Comestibles
 C - 2 bread rations


   Skills:
 + Level 4.6 Fighting
 * Level 6.1 Dodging
 + Level 3.1 Stealth
 * Level 6.3 Unarmed Combat


You had 7 spell levels left.
You didn't know any spells.

Dungeon Overview and Level Annotations

Branches:
Dungeon (6/15)             Temple (1/1) D:4

Altars:
Ashenzari
Cheibriados
Dithmenos
Elyvilon
Gozag
Nemelex Xobeh
Okawaru
Ru
Sif Muna
Trog
Xom
Yredelemnul
The Shining One
Lugonu

Annotations:
D:6 Edmund


Innate Abilities, Weirdness & Mutations

You have a pair of small antennae on your head.
You are mostly covered in molten scales (AC +3, EV -1).
You are immune to rotting.
You cannot study or use magical devices.


Message History

Edmund zaps a wand.
The puff of flame hits you! The gnoll closely misses you.
You hit Edmund.
Edmund is severely wounded.
Edmund zaps a wand.
The puff of flame hits you!
* * * LOW HITPOINT WARNING * * *
The gnoll hits you with a flail.
* * * LOW HITPOINT WARNING * * *
You focus your will and blind the gnoll in retribution!
A shadow imp comes into view.
It was a potion of poison.
That liquid tasted very nasty...
You are lethally poisoned!
* * * LOW HITPOINT WARNING * * *
You feel sick.
Edmund grinds his teeth, and then sighs.
Edmund zaps a wand.
The puff of flame hits you!
* * * LOW HITPOINT WARNING * * *
You focus your will and blind Edmund in retribution!
The gnoll hits you with a flail!
You die...

# ..
.#.######
........#
....###@##
#_#####@%#
....###g.#
.5.g.g...#
g....###.#
..?..###.####
#### #......#
# #.#.##.#
#.#....#.##
#.........#


You could see Edmund (blind), 4 gnolls and a shadow imp (wandering).

Vanquished Creatures
  Grinder (D:3)
  An ogre (D:4)
  The ghost of radek the Conjurer, an amateur DECj (D:3)
  A giant frog (D:6)
  A scorpion (D:5)
  A crimson imp (D:5)
  A hound (D:5)
  A centaur skeleton (D:5)
  Crazy Yiuf (D:3)
  A centaur zombie (D:5)
  A giant frog skeleton (D:5)
  Terence (D:3)
  An orc wizard (D:4)
  2 worker ants
  Robin (D:3)
  9 adders
  8 gnolls
  A shadow imp (D:5)
  An ooze (D:2)
  5 worms
  An adder zombie (D:6)
  2 adder skeletons
  2 giant geckos
  11 orcs
  6 giant cockroaches
  14 goblins
  8 hobgoblins
  11 jackals
  3 quokkas
  A ball python (D:2)
  12 bats
  6 giant newts
  14 kobolds
  8 rats
139 creatures vanquished.

Notes
Turn   | Place    | Note
--------------------------------------------------------------
     0 | D:1      | SlimeFever the Demonspawn Monk began the quest for the Orb.
     0 | D:1      | Reached XP level 1. HP: 18/18 MP: 1/1
   129 | D:1      | Gained mutation: You are partially covered in molten scales (AC +1). [demonic ancestry]
   129 | D:1      | Reached XP level 2. HP: 13/24 MP: 2/2
   274 | D:1      | Reached skill level 4 in Unarmed Combat
   455 | D:1      | Gained mutation: You are mostly covered in molten scales (AC +3, EV -1). [demonic ancestry]
   455 | D:1      | Reached XP level 3. HP: 9/29 MP: 3/3
   840 | D:2      | Reached XP level 4. HP: 26/35 MP: 4/4
  2105 | D:3      | Gained mutation: You have a pair of small antennae on your head. [demonic ancestry]
  2105 | D:3      | Reached XP level 5. HP: 41/41 MP: 5/5
  2114 | D:3      | Noticed Grinder
  2129 | D:3      | Noticed Robin
  2142 | D:3      | Noticed Terence
  2145 | D:3      | Killed Robin
  2167 | D:3      | Killed Terence
  2287 | D:3      | Found a faded altar to an unknown god.
  2755 | D:3      | Paralysed by Grinder for 2 turns
  2760 | D:3      | Killed Grinder
  2760 | D:3      | Reached skill level 5 in Unarmed Combat
  2760 | D:3      | Reached XP level 6. HP: 25/48 MP: 6/6
  2882 | D:3      | Noticed Crazy Yiuf
  2893 | D:3      | Killed Crazy Yiuf
  2917 | D:3      | Noticed radek's ghost (amateur DECj)
  2942 | D:3      | Killed radek's ghost
  2942 | D:3      | Reached skill level 5 in Dodging
  2942 | D:3      | Gained mutation: You are immune to rotting. [demonic ancestry]
  2942 | D:3      | Reached XP level 7. HP: 6/54 MP: 7/7
  3269 | D:3      | Found a deep blue altar of Sif Muna.
  3719 | D:4      | Found a glowing golden altar of the Shining One.
  3719 | D:4      | Found a bloodstained altar of Trog.
  3853 | D:4      | Got a shimmering dagger
  4213 | D:4      | Found a staircase to the Ecumenical Temple.
  4222 | Temple   | Entered the Ecumenical Temple
  4238 | Temple   | Became a worshipper of Ru the Awakened
  4255 | Temple   | Gained mutation: You cannot study or use magical devices. [Ru sacrifice]
  4255 | Temple   | Acquired Ru's first power
  4255 | Temple   | Acquired Ru's second power
  4255 | Temple   | Acquired Ru's third power
  4435 | D:4      | Found an opulent altar of Gozag.
  4444 | D:4      | Found a sparkling altar of Nemelex Xobeh.
  4533 | D:4      | Identified the +5 dagger of the Last Stars {pierce, +Blink rF+ Int-3 Dex+3} (You found it on level 4 of the Dungeon)
  4680 | D:5      | Entered Level 5 of the Dungeon
  4807 | D:5      | Reached skill level 6 in Unarmed Combat
  4963 | D:5      | Found a shadowy altar of Dithmenos.
  4994 | D:5      | Found a shimmering altar of Xom.
  5529 | D:6      | Found an iron altar of Okawaru.
  5536 | D:6      | Reached XP level 8. HP: 59/61 MP: 8/8
  5592 | D:6      | Noticed Edmund
  5594 | D:6      | Found a shattered altar of Ashenzari.
  5618 | D:6      | HP: 1/61 [Edmund/wand of flame (7)]
  5618 | D:6      | Mangled by a gnoll

Vault maps used:
D:1:      dpeg_arrival_stone_temple_mockup
D:2:      grunt_ministairs_10
D:3:      lemuel_round_altar, ecumenical_altar_1, uniq_terence, uniq_robin,
          uniq_grinder, uniq_crazy_yiuf_cottage
D:4:      grunt_temple_overflow_opulence, gammafunk_temple_overflow_elements,
          minmay_temple_entry_glass
D:5:      grunt_dithmenos_smoke, first_bread, basic_altar
D:6:      wad_woods_settlement, cheibrodos_ashenzari_chains,
          okawaru_metal_pillars_3, kennysheep_little_box, uniq_edmund
Temple:   corrupted_temple

Action                   |  1- 3 |  4- 6 |  7- 9 || total
-------------------------+-------+-------+-------++-------
Melee: Unarmed           |   132 |   302 |   255 ||   689
Throw: Tomahawk          |       |     1 |       ||     1
Invok: Sacrifice Artific |       |       |     1 ||     1
  Use: Scroll            |     5 |     4 |     4 ||    13
       Potion            |       |     3 |     1 ||     4
 Stab: Sleeping          |     1 |     5 |     9 ||    15
       Distracted        |       |     1 |       ||     1
       Invisible         |       |       |     3 ||     3
  Eat: Meat ration       |       |     1 |       ||     1
       Bread ration      |       |     1 |     2 ||     3
